 Dungeon Crawl Stone Soup version 0.29.0-11-gd7f09526c8 (webtiles) character file.

Game seed: 11742521267576539963

39 Querens the Shield-Bearer (level 3, 0/21 (33) HPs)
             Began as a Meteoran Fighter on Sept 5, 2022.
             Slain by an orc
             ... wielding a +0 club
              (3 damage)
             ... on level 2 of the Dungeon.
             The game lasted 00:02:34 (736 turns).

Querens the Shield-Bearer (Meteoran Fighter)         Turns: 736, Time: 00:02:35

HP:   0/21 (33)     AC:  7    Str: 19    XL:     3   Next: 94%
MP:   4/4           EV:  9    Int: 10    God:
Gold: 43            SH:  5    Dex: 13    Spells: 2/2 levels left

rFire   . . .      SeeInvis .   a - +0 war axe
rCold   . . .      Faith    .   c - +0 buckler
rNeg    . . .      Spirit   .   b - +0 scale mail
rPois   .          Reflect  .   (no helmet)
rElec   .          Harm     .   (no cloak)
rCorr   .          Rampage  .   (no gloves)
Will    .....                   (no boots)
Stlth   ..........              (no amulet)
HPRegen 0.07/turn               (no ring)
MPRegen 0.09/turn               (no ring)

@: glowing, very heavily drained
A: sense surroundings 1, otherworldly, glowing, explore regen
a: no special abilities


You were on level 2 of the Dungeon.
You visited 1 branch of the dungeon, and saw 2 of its levels.

You collected 43 gold pieces.

Inventory:

Hand Weapons
 a - a +0 war axe (weapon)
Armour
 b - a +0 scale mail (worn)
 c - a +0 buckler (worn)
Scrolls
 g - a scroll of enchant armour {unknown}
 k - 2 scrolls of teleportation {unknown}
 l - a scroll of identify {unknown}
 m - a scroll of blinking {unknown}
Potions
 d - a potion of might
 e - 2 potions of curing {unknown}
 f - a potion of ambrosia {unknown}
 h - 3 potions of resistance {unknown}
 i - a potion of lignification {unknown}
 j - 2 potions of heal wounds {unknown}


   Skills:
 + Level 3.7 Fighting
 + Level 3.1 Axes
 + Level 4.1 Armour
 + Level 4.1 Shields


You had 2 spell levels left.
You didn't know any spells.
Your spell library contained the following spells:

 Spells                   Type           Power      Damage    Failure   Level
 Dispersal                Tloc           0%         N/A       100%        6
 Disjunction              Tloc           0%         N/A       100%        8


Dungeon Overview and Level Annotations

Branches:
Dungeon (2/15) Zot: 624

Altars:


Innate Abilities, Weirdness & Mutations

You passively map a small area around you.
You are easily found by Zot.
You glow in the dark.
You regain HP and MP as you explore.


Message History

The orc wizard shouts!
The orc shouts!
Found a stone staircase leading down.
There is an open door here.
You hit the orc wizard.
The orc wizard is heavily wounded.
The orc wizard hits you with a +0 dagger.
You barely miss the orc wizard.
The orc wizard is heavily wounded.
A rat comes into view.
An orc comes into view. It is wielding a +0 club.
The orc wizard casts a spell at you. The puff of flame hits you!
You barely miss the orc wizard.
The orc wizard is heavily wounded.
The orc wizard closely misses you. The orc wizard barely misses you.
You slash the orc wizard!
The orc wizard is almost dead.
The orc wizard gestures at you while chanting.
The magic dart hits you.
* * * LOW HITPOINT WARNING * * *
You barely miss the orc wizard.
The orc wizard is almost dead.
The orc wizard hits you but does no damage.
You hit the orc but do no damage. The orc hits you with a +0 club.
* * * LOW HITPOINT WARNING * * *
You closely miss the orc.
The orc wizard casts a spell.
The orc wizard flickers and vanishes!
Deactivating autopickup; reactivate with Ctrl-A.
The orc barely misses you. The orc attacks as you move away!
The orc closely misses you. The orc attacks as you move away!
The orc hits you but does no damage. The orc attacks as you move away!
The orc hits you with a +0 club.
* * * LOW HITPOINT WARNING * * *
The orc attacks as you move away! You block the orc's attack.
You open the door. The orc hits you with a +0 club.
* * * LOW HITPOINT WARNING * * *
Found a leather armour.
The orc attacks as you move away! The orc hits you with a +0 club.
You die...

#.# ,... , , ,
#.#, .>. , #.#,
.r# * * * #.# *
#o# * #.# #.# #[#
#.# , , #.#
####'#### #.#
#....r.o##### #.#
#........o@.# #.#
#.......###'# #.#
#.......# ..., #.#
#.......# ,..... *
#.# #.......#
......# #.#
#††.....# ......#
#.###.......#*
.######
#..............[.*
##############.


You could see 2 orcs and a rat.

Vanquished Creatures
  A dart slug (D:1)
  2 ball pythons (D:1)
  2 bats
  4 endoplasms (D:1)
  5 giant cockroaches
  2 goblins (D:1)
  4 hobgoblins (D:1)
  3 quokkas (D:1)
  2 frilled lizards
  3 kobolds (D:1)
  2 rats (D:1)
30 creatures vanquished.

Notes
Turn   | Place    | Note
-------+----------+-------------------------------------------
     0 | D:1      | Querens the Meteoran Fighter began the quest for the Orb.
     0 | D:1      | Reached XP level 1. HP: 19/19 MP: 2/2
   100 | D:1      | Reached XP level 2. HP: 23/26 MP: 3/3
   311 | D:1      | Reached XP level 3. HP: 31/31 MP: 4/4
   472 | D:1      | Glimpsed the power of Zot.
   522 | D:1      | Glimpsed the power of Zot.
   561 | D:1      | Glimpsed the power of Zot.
   571 | D:1      | Touched by the power of Zot.
   664 | D:1      | Glimpsed the power of Zot.
   736 | D:2      | Slain by an orc

Illustrated notes

Levels and vault maps discovered:
D:1:      matt_arrival_refuge, layout_loops_corners
D:2:      layout_basic

Skill      XL: |  1  2  3 |
---------------+----------+-----
Armour         | 4 |  4.1
Shields        | 4 |  4.1
Axes           | 3 |  3.1
Fighting       | |  3.7

Action                   || total
-------------------------++-------
Melee: War axe           ||   103
Armor: Scale mail        ||    66
Dodge: Dodged            ||    40
Block: Buckler           ||    37
